 Dungeon Crawl Stone Soup version 0.21-a0-153-g78480df (webtiles) character file.

34 terra52 the Ruffian (level 3, -6/33 HPs)
             Began as an Ogre Transmuter on July 31, 2017.
             Mangled by Natasha (9 damage)
             ... on level 1 of the Dungeon.
             The game lasted 00:02:11 (1197 turns).

terra52 the Ruffian (Ogre Transmuter)               Turns: 1197, Time: 00:02:11

Health: -6/33      AC:  3    Str: 14    XL:     3   Next: 31%
Magic:  0/6        EV: 10    Int: 14    God:
Gold:   65         SH:  0    Dex: 10    Spells: 4/7 levels left

rFire    . . .     SeeInvis .     - Unarmed
rCold    . . .     Gourm    .   (no shield)
rNeg     . . .     Faith    .   b - +0 robe
rPois    .         Spirit   .   (helmet restricted)
rElec    .         Reflect  .   (no cloak)
rCorr    .         Harm     .   (gloves unavailable)
MR       .....                  (boots unavailable)
Stlth    +.........             (no amulet)
HPRegen  0.11/turn              (no ring)
MPRegen  0.10/turn              (no ring)

@: appendage (expiring), very slightly contaminated, slowed, very slow
A: unfitting armour, horns 2, tough skin 1
a: End Transformation


You were on level 1 of the Dungeon.
You were not hungry.
You had grown temporary horns.
You visited 1 branch of the dungeon, and saw 2 of its levels.

You collected 65 gold pieces.

Inventory:

Missiles
 a - 35 arrows
Armour
 b - a +0 robe (worn)
Scrolls
 e - 2 scrolls of blinking {unknown}
 f - a scroll of magic mapping {unknown}
Potions
 g - a potion of magic {unknown}
 h - a potion of agility {unknown}
 i - a potion of might {unknown}
 j - a potion of curing {unknown}
 k - a potion of mutation {unknown}
 l - a potion of heal wounds {unknown}
Books
 c - a book of Changes

   Spells                             Type                      Level
   a - Beastly Appendage              Transmutation                1
   b - Sticks to Snakes               Transmutation                2
   c - Spider Form                    Transmutation/Poison         3
   d - Ice Form                       Ice/Transmutation            4
   e - Blade Hands                    Transmutation                5
Comestibles
 d - 2 bread rations


   Skills:
 + Level 1.3 Fighting
 + Level 2.2 Dodging
 + Level 3.2 Unarmed Combat
 + Level 2.6 Spellcasting
 + Level 2.1 Transmutations


You had 4 spell levels left.
You knew the following spells:

 Your Spells              Type           Power        Failure   Level  Hunger
a - Beastly Appendage     Tmut           #.....       10%         1    #......
b - Sticks to Snakes      Tmut           #.......     14%         2    ###....


Dungeon Overview and Level Annotations

Branches:
Dungeon (2/15)

Altars:

Annotations:
D:1 Natasha


Innate Abilities, Weirdness & Mutations

You are too large for most types of armour.
You have tough skin. (AC +1)
You have a pair of horns on your head.


Message History

Natasha completely misses you. Natasha closely misses you.
Unknown command.
Casting: Beastly Appendage
Confirm with . or Enter, or press ? or * to list all spells.
You miscast Sticks to Snakes.
You are very lightly contaminated with residual magic.
Your hands glow momentarily.
Natasha casts a spell at you. The magic dart hits you!
* * * LOW HITPOINT WARNING * * *
Natasha claws you.
* * * LOW HITPOINT WARNING * * *
Casting: Sticks to Snakes
Confirm with . or Enter, or press ? or * to list all spells.
You create a snake!
You now have 35 arrows.
Natasha barely misses you.
Unknown command.
Your transformation is almost over.
Natasha claws you!
You die...

#.......#
#.......##################
#.......#.............)...
#.......#.################
#.......#.##############
#.......#.....)##......###
#####'#.#..###.##.........
#.#.S..# #.##.........
#.###@####.##.........
#...h>................
##########.##.........
#.##.........
#.##.........
#.##.........
#.##.##.#####
#....##+#####
###..........


You could see Natasha and a friendly ball python.

Vanquished Creatures
  A giant cockroach (D:1)
  A goblin (D:1)
  A hobgoblin (D:1)
  A jackal (D:2)
  A kobold (D:2)
  3 bats (D:1)
  4 rats
12 creatures vanquished.

Vanquished Creatures (collateral kills)
  Natasha (D:2)
  A jackal (D:2)
2 creatures vanquished.

Grand Total: 14 creatures vanquished

Notes
Turn   | Place    | Note
-------+----------+-------------------------------------------
     0 | D:1      | terra52 the Ogre Transmuter began the quest for the Orb.
     0 | D:1      | Reached XP level 1. HP: 19/19 MP: 3/3
   423 | D:1      | Reached XP level 2. HP: 21/27 MP: 3/5
   436 | D:1      | Learned a level 2 spell: Sticks to Snakes
   885 | D:2      | Reached skill level 3 in Unarmed Combat
   938 | D:2      | Noticed Natasha
   949 | D:2      | Killed Natasha
   949 | D:2      | Reached XP level 3. HP: 14/33 MP: 3/6
   970 | D:2      | Noticed Natasha
  1197 | D:1      | Mangled by Natasha

Vault maps used:
D:1:      lightli_arrival_isolated_outpost
D:2:      uniq_natasha

Skill      XL: |  1  2 |
---------------+-------+-----
Transmutations | 2 |  2.1
Dodging        | 2 |  2.2
Unarmed Combat | 3 |  3.2
Fighting       | |  1.3
Spellcasting   | |  2.6

Action                   || total
-------------------------++-------
Melee: Unarmed           ||    61
       Kick              ||     2
       Punch             ||     1
 Cast: Beastly Appendage ||     8
       Sticks to Snakes  ||     2
  Eat: Chunk             ||     1
Armor: Robe              ||    28
Dodge: Dodged            ||    65
